 Dungeon Crawl Stone Soup version 0.30-a0-840-ga523dec638 (webtiles) character file.

Game seed: 11632965096827700381

884 qeuew the Shield-Bearer (level 8, -2/61 HPs)
             Began as a Formicid Fighter on Feb 27, 2023.
             Was a Follower of Nemelex Xobeh.
             Slain by a wyvern (9 damage)
             ... on level 5 of the Dungeon on Mar 1, 2023.
             The game lasted 00:07:35 (4111 turns).

qeuew the Shield-Bearer (Formicid Fighter)          Turns: 4111, Time: 00:07:35

Health: -2/61      AC: 12    Str: 21    XL:     8   Next: 26%
Magic:  9/10       EV: 10    Int:  8    God:    Nemelex Xobeh [*.....]
Gold:   206        SH:  6    Dex: 15    Spells: 7/7 levels left

rFire   . . .      SeeInvis +    a - +1 trident (flame)
rCold   . . .      Faith    .    c - +0 buckler
rNeg    + . .      Spirit   .    b - +1 scale mail
rPois   .          Reflect  .    (helmet unavailable)
rElec   .          Harm     .    (no cloak)
rCorr   .          Rampage  .    (no gloves)
Will    .....                    (no boots) Stlth
                                 (no amulet)
HPRegen 0.30/turn                g - +4 ring of protection
MPRegen 0.12/turn                e - ring of positive energy

@: no status effects
A: permanent stasis, dig shafts and tunnels, antennae 3, four strong arms
a: Dig, Shaft Self, Renounce Religion, Draw Escape, Draw Destruction, Draw
Summoning


You were on level 5 of the Dungeon.
You worshipped Nemelex Xobeh.
Nemelex Xobeh was aware of your devotion.
You visited 1 branch of the dungeon, and saw 5 of its levels.
You also visited: Sewer.

You collected 206 gold pieces.

Inventory:

Hand Weapons
 a - a +1 trident of flaming (weapon)
Armour
 b - a +1 scale mail (worn)
 c - a +0 buckler (worn)
Jewellery
 e - a ring of positive energy (right hand)
 g - a +4 ring of protection (left hand)
 p - a ring of fire
Wands
 l - a wand of paralysis (13)
Scrolls
 i - a scroll of brand weapon
 j - 2 scrolls of enchant armour
 n - a scroll of fear
 o - 2 scrolls of enchant weapon
Potions
 d - 3 potions of might
 f - a potion of invisibility
 m - a potion of curing


   Skills:
 + Level 4.4 Fighting
 * Level 4.4 Polearms
 * Level 5.5 Armour
 + Level 2.2 Dodging
 * Level 6.9 Shields
 + Level 2.6 Invocations
 + Level 2.0 Evocations


You had 7 spell levels left.
You didn't know any spells.
Your spell library contained the following spells:

 Spells                   Type           Power      Damage    Failure   Level
 Beastly Appendage        Tmut           0%         N/A       80%         1
 Necrotise                Necr           0%         1d4       80%         1
 Wereblood                Tmut           0%         N/A       90%         2
 Spider Form              Tmut/Pois      0%         N/A       99%         3
 Vampiric Draining        Necr           0%         2d6       99%         3
 Agony                    Necr           0%         N/A       100%        5
 Fireball                 Conj/Fire      0%         3d3       100%        5
 Iskenderun's Battlesphe  Conj           0%         2d6       100%        5
 Conjure Ball Lightning   Conj/Air       0%         3x3d6     100%        6
 Orb of Destruction       Conj           0%         9d5       100%        7


Dungeon Overview and Level Annotations

Branches:
Dungeon (5/15)              Sewer (visited)
 Temple: D:4-7

Altars:
Ashenzari
Gozag
Kikubaaqudgha
Makhleb
Nemelex Xobeh
Ru
Trog
Xom

Shops:
D:1 :(*([


Innate Abilities, Weirdness & Mutations

You cannot be hasted, slowed, berserked, paralysed or teleported.
You can dig through walls and to a lower floor.
You have a pair of large antennae on your head. (SInv)
Your four strong arms can wield two-handed weapons with a shield.


Message History

You hit the wyvern but do no damage. You block the wyvern's attack.
You hit the wyvern. You burn the wyvern.
The wyvern is moderately wounded.
The wyvern bites you. The wyvern misses you.
You hit the wyvern. You burn the wyvern.
The wyvern is heavily wounded.
The wyvern misses you. You block the wyvern's attack.
You hit the wyvern. You burn the wyvern.
The wyvern is heavily wounded.
The wyvern bites you!
You puncture the wyvern! You burn the wyvern.
The wyvern is almost dead.
The wyvern bites you but does no damage.
The wyvern bites you!
You closely miss the wyvern.
The wyvern is almost dead.
The wyvern bites you but does no damage. x2
You puncture the wyvern! You burn the wyvern.
You kill the wyvern!
The wyvern bites you!
Your Evocations skill increases to level 2!
You puncture the wyvern! You burn the wyvern.
The wyvern is heavily wounded.
The wyvern bites you but does no damage.
You hit the wyvern. You burn the wyvern.
The wyvern is heavily wounded.
The wyvern bites you! The wyvern barely misses you.
You hit the wyvern. You burn the wyvern.
The wyvern is severely wounded.
The wyvern barely misses you.
The wyvern bites you but does no damage.
You hit the wyvern. You burn the wyvern.
The wyvern is almost dead.
The wyvern bites you!
* * * LOW HITPOINT WARNING * * *
You barely miss the wyvern.
The wyvern is almost dead.
You block the wyvern's attack. The wyvern bites you!
You die...
Your body disappears without a glow.

................
................
................
#..............#
#............##
##..........## #
##........### #
####''####.### #
#.@l...†.#.#.######
##..######.#..<......
####
#.#........>...######
...# ##..##.###.....#
# ##.#
#..##.###.....# # #.#
#..##.........# #
##.###
#.........#.### #
...).# #..######.#.#
##.#.# #.........#+##


You could see a wyvern.

Vanquished Creatures
  A wyvern (D:5)
  Edmund (D:5)
  A water moccasin (Sewer)
  An ogre (D:4)
  2 scorpions
  2 orc priests (D:4)
  An orc wizard (D:4)
  3 iguanas (D:5)
  5 adders
  2 ufetubi
  A worm (D:3)
  2 dart slugs
  11 orcs
  11 ball pythons
  7 endoplasms
  4 giant cockroaches
  8 goblins
  8 hobgoblins
  8 jackals
  3 quokkas
  3 bats
  3 frilled lizards
  4 kobolds
  10 rats
102 creatures vanquished.

Notes
Turn   | Place    | Note
-------+----------+-------------------------------------------
     0 | D:1      | qeuew the Formicid Fighter began the quest for the Orb.
     0 | D:1      | Reached XP level 1. HP: 18/18 MP: 1/1
    40 | D:1      | Found Uschesk's Assorted Antiques.
   121 | D:1      | Reached XP level 2. HP: 24/24 MP: 2/2
   299 | D:1      | Found Urchegri's Antique Armour Boutique.
   379 | D:1      | Found Ustrimu's Antique Weapon Boutique.
   485 | D:1      | Found Rauguapnism's Weapon Shop.
   528 | D:1      | Found Litsiun's Book Boutique.
   549 | D:1      | Reached XP level 3. HP: 29/29 MP: 3/3
   785 | D:2      | Found a faded altar of an unknown god.
   945 | D:2      | Reached XP level 4. HP: 31/35 MP: 4/4
  1264 | D:2      | Found a sparkling altar of Nemelex Xobeh.
  1287 | D:2      | Became a worshipper of Nemelex Xobeh the Trickster
  1579 | D:3      | Found a glowing drain.
  1592 | Sewer    | Entered a sewer
  1662 | Sewer    | Noticed a water moccasin
  1668 | Sewer    | Upgraded the game from 0.30-a0-824-g6c64550be9 to
                  | 0.30-a0-840-ga523dec638
  1672 | Sewer    | Killed a water moccasin
  1673 | Sewer    | Reached skill level 1 in Dodging
  1673 | Sewer    | Reached skill level 5 in Shields
  1673 | Sewer    | Reached skill level 1 in Invocations
  1673 | Sewer    | Reached XP level 5. HP: 18/42 MP: 5/5
  1865 | D:3      | Reached XP level 6. HP: 42/48 MP: 6/6
  2659 | D:4      | Found a shimmering altar of Xom.
  2945 | D:4      | Reached * piety under Nemelex Xobeh
  2978 | D:4      | Found a bloodstained altar of Trog.
  2978 | D:4      | Found a burning altar of Makhleb.
  2979 | D:4      | Found a sacrificial altar of Ru.
  3021 | D:4      | Found an ancient bone altar of Kikubaaqudgha.
  3065 | D:4      | Received a gift from Nemelex Xobeh
  3135 | D:4      | Reached XP level 7. HP: 54/54 MP: 8/8
  3207 | D:4      | Reached skill level 6 in Shields
  3207 | D:4      | Reached skill level 1 in Evocations
  3442 | D:4      | Found a broken altar of Ashenzari.
  3694 | D:5      | Entered Level 5 of the Dungeon
  3754 | D:5      | Reached skill level 5 in Armour
  3871 | D:5      | Noticed Edmund
  3881 | D:5      | Killed Edmund
  3882 | D:5      | Reached XP level 8. HP: 53/60 MP: 9/9
  3897 | D:5      | Found an opulent altar of Gozag.
  4090 | D:5      | Noticed a wyvern
  4090 | D:5      | Noticed a wyvern
  4106 | D:5      | Killed a wyvern
  4111 | D:5      | Slain by a wyvern

Illustrated notes

Levels and vault maps discovered:
D:1:      dpeg_arrival_tiny_a, layout_loops_corners, serial_shops,
          nicolae_shop_overgrown_old_shop, nicolae_shop_hallway_stairs,
          nicolae_diamond_shop, nicolae_shop_crystal,
          nicolae_shop_temple_entry_statues_fountains, serial_bayou_pond_e
D:2:      layout_loops_ring, chequers_ecumenical_altar_simple, basic_altar
D:3:      layout_basic, portal_sewer_entry_b
D:4:      layout_basic, tgw_xom, lemuel_tele_altar,
          nicolae_kikubaaqudgha_miasma_corner, gammafunk_temple_overflow_claw
D:5:      kennysheep_big_flooded_room, layout_loops_corners,
          nicolae_gozag_seed_capital, nicolae_ossuary_entry_catacombs,
          uniq_edmund

Skill      XL: |  1  2  3  4  5  6  7  8 |
---------------+-------------------------+-----
Armour         | 4 5 |  5.5
Polearms       | 3 4 |  4.4
Dodging        | 1 2 |  2.2
Shields        | 5 6 |  6.9
Invocations    | 1 2 |  2.6
Fighting       | 4 |  4.4
Evocations     | 1 2 |  2.0

Action                     |  1- 3 |  4- 6 |  7- 9 || total
---------------------------+-------+-------+-------++-------
  Melee: Trident           |    69 |   178 |   100 ||   347
    Use: Scroll            |     3 |     5 |     1 ||     9
         Potion            |     2 |     9 |     2 ||    13
   Stab: Invisible         |       |     1 |       ||     1
 Armour: Scale mail        |    21 |    85 |    57 ||   163
  Dodge: Dodged            |    25 |    83 |    66 ||   174
  Block: Buckler           |    11 |    49 |    33 ||    93

Table legend: (Time is in decaauts)
 A = Elapsed time spent in this place.
 B = Non-inter-level travel time spent in this place.
 C = Inter-level travel time spent in this place.
 D = Time resting spent in this place.
 E = Time spent auto-exploring this place.
 F = Levels seen in this place.
 G = Mean time per level.
                   A        B        C        D        E       F      G
               +--------+--------+--------+--------+--------+-----+--------+
         Total |   4177 |   4027 |    150 |     53 |   2963 |   6 |  696.2 |
       Dungeon |   3955 |   3805 |    150 |     53 |   2797 |   5 |  791.0 |
         Sewer |    221 |    221 |      0 |      0 |    165 |   1 |  221.0 |
               +--------+--------+--------+--------+--------+-----+--------+

Top non-repeatable levels by time:
     D:4: 1152 daAuts
     D:3: 870 daAuts
     D:1: 791 daAuts
     D:2: 717 daAuts
     D:5: 424 daAuts
   Sewer: 221 daAuts
